 Dungeon Crawl Stone Soup version 0.18.1-50-g88ac8fd (webtiles) character file.

89 andrewdish the Conjurer (level 4, 0/32 HPs)
             Began as a Demonspawn Conjurer on Sept 27, 2016.
             Slain by a goblin
             ... wielding a +0 club
             ... led by Robin
              (3 damage)
             ... on level 3 of the Dungeon.
             The game lasted 00:15:19 (2151 turns).

andrewdish the Conjurer (Demonspawn Conjurer)       Turns: 2151, Time: 00:15:22

Health: 0/32       AC:  2    Str:  8      XL:     4   Next: 31%
Magic:  8/8        EV: 13    Int: 16 (18) God:
Gold:   71         SH:  0    Dex: 16 (17) Spells: 3 memorised, 2 levels left

rFire  . . .     SeeInvis .     e - +0 short sword
rCold  . . .     Gourm    .     a - +0 robe
rNeg   . . .     Faith    .     (no shield)
rPois  +         Spirit   .     (no helmet)
rElec  .         Dismiss  .     (no cloak)
rCorr  .         Reflect  .     (no gloves)
SustAt .         Harm     .     (no boots)
MR     .....                    (no amulet)
Stlth  +++.......               o - +4 ring of dexterity
                                d - ring of poison resistance

@: confused, flying, not resistant to hostile enchantments, fairly stealthy
A: nightstalker 2
a: no special abilities


You were on level 3 of the Dungeon.
You were hungry.

You visited 1 branch of the dungeon, and saw 3 of its levels.

You collected 71 gold pieces.

Inventory:

Hand Weapons
 e - a +0 short sword (weapon)
 k - a +0 dagger
Missiles
 i - 2 tomahawks (quivered)
 l - 97 stones
Armour
 a - a +0 robe (worn)
Jewellery
 d - a ring of poison resistance (left hand)
 o - a +4 ring of dexterity (right hand)
Scrolls
 g - a scroll of noise
 n - a scroll of remove curse
Potions
 h - a potion of degeneration
 r - 2 potions of cure mutation
Books
 b - a book of Conjurations

   Spells                             Type                      Level
   a - Magic Dart                     Conjuration                  1
   b - Searing Ray                    Conjuration                  2
   c - Dazzling Spray                 Conjuration/Hexes            3
   d - Fulminant Prism                Conjuration/Hexes            4
   e - Iskenderun's Mystic Blast      Conjuration                  4
   f - Iskenderun's Battlesphere      Conjuration/Charms           5
Comestibles
 c - 2 bread rations
 j - 2 meat rations


   Skills:
 + Level 1.1 Fighting
 + Level 0.1 Short Blades
 + Level 2.5 Dodging
 + Level 1.9 Stealth
 + Level 0.5 Unarmed Combat
 + Level 2.7 Spellcasting
 + Level 4.5 Conjurations


You had 2 spell levels left.
You knew the following spells:

 Your Spells              Type           Power        Failure   Level  Hunger
a - Magic Dart            Conj           ###.         3%          1    #......
b - Searing Ray           Conj           ###...       6%          2    ##.....
c - Dazzling Spray        Conj/Hex       #.....       28%         3    ###....


Dungeon Overview and Level Annotations

Branches:
Dungeon (3/15)

Altars:
Cheibriados
Okawaru

Annotations:
D:3 Robin


Innate Abilities, Weirdness & Mutations

You are significantly more attuned to the shadows.


Message History

The goblin hits you but does no damage.
Drink which item? (? for menu, Esc to quit)
You are confused.
You feel invigorated. The goblin misses you. The goblin barely misses you.
The goblin completely misses you. The goblin closely misses you.
The hobgoblin hits you with a club.
You barely miss the goblin.
The goblin no longer looks unusually strong.
The goblin hits you with a club!
* * * LOW HITPOINT WARNING * * *
The goblin hits you but does no damage. The goblin barely misses you.
The goblin completely misses you. The hobgoblin closely misses you.
The goblin misses you. The goblin hits you but does no damage.
You're too confused to move!
The hobgoblin no longer looks unusually strong.
The goblin hits you with a club!
* * * LOW HITPOINT WARNING * * *
The goblin closely misses you. The goblin barely misses you.
The hobgoblin barely misses you. The goblin hits you with a club.
You die...

#....#...##
####......#
....
#......# ...
#......# ..
.. ###....#
.#...
#....##.#.).
#...........
#....ggg.#..
###..g@g....
....gg##†).
######.# ...
#.# .. #.#
#.#


You could see Robin, a hobgoblin and 5 goblins.

Vanquished Creatures
  A gnoll (D:2)
  2 adders (D:2)
  3 giant geckos (D:2)
  2 giant cockroaches (D:2)
  11 goblins
  4 hobgoblins
  8 jackals
  11 kobolds
  3 bats
  3 giant newts
  4 rats
52 creatures vanquished.

Notes
Turn   | Place    | Note
--------------------------------------------------------------
     0 | D:1      | andrewdish the Demonspawn Conjurer began the quest for the Orb.
     0 | D:1      | Reached XP level 1. HP: 13/13 MP: 3/3
   469 | D:1      | Gained mutation: You are slightly more attuned to the shadows. [demonic ancestry]
   469 | D:1      | Reached XP level 2. HP: 19/19 MP: 0/5
   748 | D:1      | Learned a level 2 spell: Searing Ray
   882 | D:2      | Reached XP level 3. HP: 17/25 MP: 0/6
   937 | D:2      | Found a snail-covered altar of Cheibriados.
  1122 | D:1      | Learned a level 3 spell: Dazzling Spray
  1535 | D:2      | Found an iron altar of Okawaru.
  1578 | D:2      | Reached skill level 1 in Fighting
  1648 | D:2      | Gained mutation: You are significantly more attuned to the shadows. [demonic ancestry]
  1648 | D:2      | Reached XP level 4. HP: 12/32 MP: 5/7
  2138 | D:3      | Noticed Robin
  2151 | D:3      | Slain by a goblin

Skill      XL: |  1  2  3 |
---------------+----------+-----
Dodging        | 2 |  2.5
Fighting       | 1 |  1.1
Short Blades   | |  0.1
Stealth        | |  1.9
Unarmed Combat | |  0.5
Spellcasting   | |  2.7
Conjurations   | |  4.5

Action                   |  1- 3 |  4- 6 || total
-------------------------+-------+-------++-------
Melee: Unarmed           |    69 |       ||    69
       Short sword       |    33 |    16 ||    49
Throw: Tomahawk          |     4 |       ||     4
 Cast: Magic Dart        |    66 |    27 ||    93
  Use: Scroll            |     7 |       ||     7
       Potion            |     4 |     3 ||     7
  Eat: Bread ration      |     1 |       ||     1
Armor: Robe              |    32 |     6 ||    38
Dodge: Dodged            |   161 |    31 ||   192
